Map: Cyber Forest LE

Players

Throwfordays - Winner!

  • Race: Protoss Protoss
  • League: Bronze
  • Spawn Location: 11:00

Zmog

  • Race: Protoss Protoss
  • League: Bronze
  • Spawn Location: 5:00

VOD

Have the link to the VOD?

Description

Time

  • Played on: Feb. 2, 2019, 1:09 p.m.
  • Length: 14:39
Show
View Real Time Build Order
Export as new Build Order

Throwfordays Protoss - Winner!

Build Orders:  

Get SALT Encoding   

  12  0:00  Probe  
  13  0:12  Probe  
  14  0:19  Pylon  
  14  0:25  Probe  
  15  0:38  Gateway  
  15  0:41  Assimilator  
  15  0:44  Probe  
  16  0:56  Probe  
  17  1:08  Probe  
  18  1:21  Gateway  
  18  1:25  Cybernetics Core  
  18  1:26  Gateway  
  18  1:31  Forge  
  18  1:33  Probe  
  19  1:45  Probe  
  20  1:57  Probe  
  20  2:00  Pylon  
  21  2:10  Probe  
  21  2:11  Adept x2  
  26  2:26  Warp Gate  
  26  2:44  Pylon  
  26  2:51  Stalker  
  26  3:06  Assimilator, Probe  
  26  3:10  Photon Cannon  
  25  3:16  Protoss Ground Weapons Level 1  
  25  3:17  Stalker  
  25  3:19  Probe  
  28  3:38  Probe  
  29  3:58  Nexus  
  29  4:08  Nexus  
  29  4:16  Pylon  
  29  4:20  Stalker x2  
  33  4:26  Pylon  
  33  4:29  Probe  
  34  4:41  Probe  
  35  4:47  Gateway  
  35  4:54  Probe  
  35  4:56  Gateway  
  36  5:04  Stalker  
  36  5:06  Probe  
  38  5:17  Twilight Council  
  38  5:18  Probe  
  38  5:19  Probe x2  
  39  5:27  Probe x2  
  43  5:36  Probe  
  43  5:37  Probe  
  43  5:41  Probe  
  46  5:48  Probe  
  46  5:49  Probe  
  48  5:53  Probe  
  48  5:55  Assimilator  
  48  5:57  Assimilator  
  49  6:00  Blink, Probe  
  49  6:01  Probe  
  51  6:05  Gateway  
  51  6:12  Protoss Ground Weapons Level 2  
  51  6:14  Probe  
  51  6:18  Probe  
  53  6:22  Probe  
  54  6:26  Probe  
  54  6:29  Stalker  
  54  6:30  Probe  
  58  6:33  Stalker  
  58  6:34  Probe  
  58  6:38  Probe  
  62  6:42  Probe  
  62  6:46  Probe  
  64  6:50  Probe  
  64  6:52  Stalker  
  64  6:53  Stalker x2  
  72  6:54  Pylon, Probe  
  72  6:57  Gateway  
  72  6:59  Probe  
  73  7:02  Probe  
  73  7:06  Pylon  
  74  7:17  Stalker x5  
  84  7:25  Assimilator, Probe  
  84  7:28  Assimilator  
  85  7:37  Probe  
  76  7:46  Stalker x2  
  76  7:47  Stalker x3  
  76  7:49  Probe  
  85  7:56  Stalker  
  83  8:01  Probe  
  74  8:11  Stalker x2  
  74  8:12  Stalker x3  
  72  8:13  Probe  
  69  8:25  Stalker  
  61  8:35  Stalker x3  
  61  8:36  Stalker x2  
  61  8:37  Pylon  
  61  8:38  Gateway  
  61  8:40  Gateway  
  71  8:43  Pylon  
  71  8:51  Probe  
  71  8:53  Probe  
  73  9:03  Probe  
  73  9:05  Stalker x5, Probe  
  85  9:15  Probe  
  86  9:17  Probe  
  86  9:20  Robotics Facility  
  87  9:30  Robotics Facility  
  87  9:42  Protoss Ground Weapons Level 3, Sentry x3  
  87  9:44  Adept x2  
  87  9:45  Nexus  
  97  9:48  Assimilator  
  97  9:50  Pylon  
  97  9:52  Assimilator, Pylon  
  97  9:53  Pylon  
  97  9:55  Pylon  
  97  9:56  Resonating Glaives  
  97  10:01  Pylon  
  97  10:03  Pylon  
  97  10:10  Adept x2  
  97  10:13  Adept x5  
  111  10:46  Probe  
  112  10:53  Immortal  
  112  10:55  Immortal  
  120  10:58  Robotics Facility  
  120  10:59  Robotics Facility  
  120  11:03  Dark Shrine  
  120  11:17  Robotics Bay  
  120  11:19  Charge  
  120  11:24  Sentry  
  122  11:25  Zealot  
  122  11:26  Zealot x5  
  138  11:32  Immortal  
  138  11:34  Immortal  
  138  11:37  Probe  
  138  11:39  Probe  
  144  11:43  Probe  
  144  11:46  Immortal x2  
  153  11:52  Probe  
  154  11:55  Probe  
  155  12:04  Probe  
  156  12:15  Pylon  
  156  12:16  Pylon  
  156  12:18  Pylon  
  156  12:19  Pylon, Protoss Shields Level 1  
  156  12:22  Pylon  
  156  12:23  Pylon  
  156  12:25  Pylon  
  156  12:27  Pylon  
  156  12:33  Observer x4, Probe x2  
  162  12:42  Forge, Dark Templar x2  
  162  12:43  Dark Templar x4  
  174  12:45  Probe x2  
  176  12:54  Immortal x2  
  176  12:57  Probe  
  184  13:45  Zealot x4  
  184  13:46  Zealot x3  
  136  14:29  Zealot x2  
  136  14:30  Zealot x5  
Show
View Real Time Build Order
Export as new Build Order

Zmog Protoss 

Build Orders:  

Get SALT Encoding   

  1  0:00  Probe  
  12  0:06  Probe  
  14  0:20  Probe  
  15  0:42  Pylon  
  15  0:50  Pylon  
  15  1:00  Probe  
  16  1:08  Probe  
  16  1:14  Nexus  
  17  1:30  Gateway  
  17  1:40  Assimilator  
  17  1:41  Assimilator  
  17  1:53  Forge, Probe  
  18  2:01  Probe  
  19  2:09  Probe  
  20  2:29  Photon Cannon  
  20  2:32  Probe  
  20  2:40  Probe  
  20  2:48  Photon Cannon  
  20  2:50  Probe  
  22  3:00  Pylon  
  22  3:02  Probe  
  23  3:10  Pylon  
  23  3:14  Probe  
  24  3:22  Assimilator  
  24  3:26  Probe  
  25  3:27  Cybernetics Core  
  25  3:34  Probe  
  25  3:35  Probe  
  25  3:37  Gateway  
  27  3:42  Probe  
  27  3:43  Probe  
  29  3:52  Probe  
  29  3:55  Warp Gate  
  30  4:05  Probe  
  31  4:10  Stalker  
  31  4:17  Probe  
  34  4:25  Gateway  
  34  4:27  Stalker  
  34  4:28  Probe  
  34  4:29  Probe  
  34  4:30  Gateway  
  36  4:31  Gateway  
  38  4:41  Probe  
  38  4:42  Stalker  
  41  4:53  Probe  
  41  4:56  Stalker  
  44  5:05  Probe  
  45  5:11  Pylon  
  45  5:13  Stalker  
  47  5:17  Stalker, Probe  
  47  5:19  Stalker  
  52  5:29  Pylon, Probe  
  53  5:37  Probe  
  53  5:40  Pylon x2  
  53  5:42  Pylon  
  54  5:44  Pylon  
  54  5:45  Probe  
  54  5:49  Assimilator  
  55  5:54  Stalker x2  
  55  5:56  Probe  
  60  6:04  Robotics Facility  
  60  6:07  Robotics Facility  
  60  6:15  Probe  
  61  6:25  Twilight Council  
  61  6:27  Probe  
  62  6:34  Robotics Facility  
  62  6:35  Robotics Facility  
  62  6:37  Probe  
  62  6:44  Immortal  
  63  6:47  Immortal  
  71  7:11  Blink  
  69  7:19  Stalker x3  
  69  7:20  Stalker x2  
  79  7:32  Immortal  
  79  7:33  Immortal  
  75  8:05  Stalker x4  
  67  8:32  Pylon  
  63  8:53  Protoss Ground Weapons Level 1  
  63  8:59  Immortal  
  63  9:00  Immortal  
  63  9:01  Nexus, Immortal x2  
  63  9:02  Probe  
  80  9:10  Probe  
  80  9:13  Pylon  
  80  9:16  Pylon  
  81  9:36  Nexus  
  81  9:39  Immortal x2  
  89  9:52  Stalker x3  
  91  9:53  Stalker  
  97  10:01  Pylon  
  97  10:04  Pylon  
  97  10:11  Immortal  
  97  10:12  Probe  
  101  10:20  Probe  
  102  10:23  Charge  
  103  10:29  Probe  
  104  10:38  Templar Archives  
  104  10:41  Probe  
  105  10:50  Probe  
  105  10:54  Probe  
  107  10:57  Protoss Shields Level 1  
  107  10:59  Observer x4, Probe  
  112  11:06  Probe  
  112  11:07  Psionic Storm  
  112  11:08  Probe  
  114  11:17  Probe  
  115  11:20  Observer, Probe  
  115  11:25  Probe  
  118  11:32  Probe  
  118  11:33  Probe  
  118  11:39  High Templar x5  
  130  11:44  Archon x2, Probe  
  130  11:45  Probe  
  132  11:56  Probe  
  132  11:57  Probe  
  134  12:08  Probe  
  135  12:16  Probe  
  136  12:23  Nexus  
  136  12:24  Probe  
  136  12:28  Stargate  
  137  12:30  Stargate  
  137  12:32  Stargate  
  137  12:34  Stargate  
  137  12:35  Stargate, Probe  
  137  12:36  Probe  
  138  12:42  Assimilator  
  139  12:44  Assimilator, Probe  
  139  12:47  Probe  
  141  12:52  Pylon  
  141  12:53  Probe  
  141  12:56  Pylon  
  141  12:59  Probe  
  141  13:04  Probe  
  143  13:06  Immortal  
  143  13:07  Immortal x3  
  143  13:11  Probe  
  160  13:16  Probe  
  161  13:26  Probe  
  170  13:30  Assimilator  
  170  13:33  Assimilator  
  170  13:38  Probe  
  162  13:46  Immortal  
  139  14:08  High Templar  
  139  14:09  High Templar x3  
  87  14:17  Archon  
  87  14:18  Archon  
  60  14:32  Stalker  
Tags
 
Matchup
PvP
Replay Pack
Multiplayer
Spawn Locations
Cross Positions
Add a new tag
Caveats
  • Supply blocks, unpowered buildings, or Contaminate may cause inaccurate times.
  • Supply counts are checked every 10 seconds.